 Dungeon Crawl Stone Soup version 0.21.1-1-g345015f (webtiles) character file.

380 Fang the Chopper (level 6, -3/58 HPs)
             Began as a Gargoyle Berserker on May 22, 2018.
             Was a Believer of Trog.
             Slain by lansh's ghost (5 damage)
             ... on level 4 of the Dungeon.
             The game lasted 00:06:16 (2420 turns).

Fang the Chopper (Gargoyle Berserker)               Turns: 2420, Time: 00:06:17

Health: -3/58      AC:  9    Str: 29    XL:     6   Next: 75%
Magic:  6/6        EV: 12    Int:  8    God:    Trog [**....]
Gold:   158        SH:  0    Dex:  9    Spells: 5/5 levels left

rFire    . . .     SeeInvis +   a - +0 hand axe
rCold    . . .     Gourm    .   (no shield)
rNeg     + . .     Faith    .   b - +0 animal skin
rPois    ∞         Spirit   .   (no helmet)
rElec    +         Reflect  .   n - +2 cloak {MR+}
rCorr    .         Harm     .   (no gloves)
MR       +....                  (no boots)
Stlth    ..........             (no amulet)
HPRegen  0.19/turn              q - ring of see invisible
MPRegen  0.10/turn              j - +2 ring of strength

@: berserking, very quick
A: negative energy resistance 1, electricity resistance, unbreathing,
petrification resistance, rot immunity, AC +4
a: Berserk, Trog's Hand, Burn Spellbooks, Renounce Religion


You were on level 4 of the Dungeon.
You worshipped Trog.
Trog was pleased with you.
You were not hungry.

You visited 1 branch of the dungeon, and saw 4 of its levels.

You collected 158 gold pieces.

Inventory:

Hand Weapons
 a - a +0 hand axe (weapon)
Armour
 b - a +0 animal skin (worn)
 n - a +2 cloak of magic resistance (worn)
Jewellery
 j - a +2 ring of strength (right hand)
 q - a ring of see invisible (left hand)
Scrolls
 d - a scroll of fear {unknown}
 e - 3 scrolls of teleportation
Potions
 h - 7 potions of curing
 l - a potion of heal wounds
 o - a potion of mutation
 p - a potion of flight
 r - a potion of haste
Comestibles
 c - 6 rations


   Skills:
 + Level 4.6 Fighting
 + Level 5.2 Axes
 + Level 2.2 Armour
 + Level 2.5 Dodging
 + Level 2.2 Stealth


You had 5 spell levels left.
You didn't know any spells.

Dungeon Overview and Level Annotations

Branches:
Dungeon (4/15)
 Temple: D:4-7

Altars:
Hepliaklqana
Okawaru

Annotations:
D:4 lansh's ghost, novice MiFi


Innate Abilities, Weirdness & Mutations

You are resistant to torment.
Your stone body is resilient. (AC +4)
You are immune to poison.
You resist negative energy. (rN+)
You are resistant to electric shocks. (rElec)
You can survive without breathing.
You are immune to petrification.
You are immune to rotting.


Message History

Lansh's ghost is moderately damaged.
Lansh's ghost barely misses you.
Unknown command.
You slash lansh's ghost!
Lansh's ghost is heavily damaged.
Lansh's ghost hits you.
Unknown command.
You barely miss lansh's ghost.
Lansh's ghost is heavily damaged.
Unknown command.
You barely miss lansh's ghost.
Lansh's ghost is heavily damaged.
Lansh's ghost hits you.
* * * LOW HITPOINT WARNING * * *
Unknown command.
You slash lansh's ghost!
Lansh's ghost is severely damaged.
Lansh's ghost hits you!
* * * LOW HITPOINT WARNING * * *
You die...

#...........
#...........
#........... .. #
#.......... #.# ##.
#......... #... .$..
#....$.# #....
.....##......###....
......W@....[......_
......#........#..
(.... #........#
.... #......###
##...##......###
#.............#
.......<......#
..............#
...........>..#


You could see lansh's ghost.

Vanquished Creatures
  Grinder (D:3)
  A howler monkey (D:4)
  A centaur skeleton (D:4)
  Crazy Yiuf (D:2)
  3 adders
  A worm (D:3)
  5 dart slugs
  3 leopard geckos
  2 orcs (D:3)
  A giant cockroach (D:3)
  7 goblins
  3 hobgoblins
  6 kobolds
  A quokka (D:2)
  A ball python (D:2)
  5 bats
  7 frilled lizards
  11 rats
60 creatures vanquished.

Notes
Turn   | Place    | Note
-------+----------+-------------------------------------------
     0 | D:1      | Fang the Gargoyle Berserker began the quest for the Orb.
     0 | D:1      | Reached XP level 1. HP: 14/14 MP: 1/1
    48 | D:1      | Reached XP level 2. HP: 10/19 MP: 2/2
   320 | D:1      | Reached skill level 3 in Axes
   494 | D:1      | Reached XP level 3. HP: 19/24 MP: 3/3
   662 | D:1      | Reached ** piety under Trog
  1068 | D:2      | Found an iron altar of Okawaru.
  1278 | D:2      | Found a runed door.
  1530 | D:2      | Noticed Crazy Yiuf
  1535 | D:2      | Killed Crazy Yiuf
  1535 | D:2      | Reached XP level 4. HP: 29/29 MP: 4/4
  1820 | D:3      | Reached skill level 1 in Stealth
  1830 | D:3      | Reached skill level 4 in Axes
  1978 | D:3      | Noticed Grinder
  1986 | D:3      | Reached XP level 5. HP: 32/33 MP: 5/5
  2014 | D:3      | Killed Grinder
  2014 | D:3      | Reached skill level 5 in Axes
  2014 | D:3      | Reached XP level 6. HP: 19/39 MP: 6/6
  2370 | D:4      | Found a hazy altar of Hepliaklqana.
  2407 | D:4      | Noticed lansh's ghost (novice MiFi)
  2420 | D:4      | HP: 2/58 [lansh's ghost (15)]
  2420 | D:4      | Slain by lansh's ghost

Skill      XL: |  1  2  3  4  5 |
---------------+----------------+-----
Axes           | 3 4 5 |  5.2
Fighting       | 4 |  4.6
Stealth        | 1 2 |  2.2
Dodging        | 2 |  2.5
Armour         | |  2.2

Action                   |  1- 3 |  4- 6 || total
-------------------------+-------+-------++-------
Melee: Hand axe          |    86 |   113 ||   199
Invok: Berserk           |     1 |     2 ||     3
  Use: Scroll            |       |     9 ||     9
 Stab: Sleeping          |       |     2 ||     2
  Eat: Chunk             |     1 |     3 ||     4
       Ration            |       |     1 ||     1
Armor: Animal skin       |    33 |    45 ||    78
Dodge: Dodged            |    56 |    58 ||   114
